 Dungeon Crawl Stone Soup version 0.28.0-45-g0d030f2227 (webtiles) character file.

Game seed: 16696874812099307579

284 zeratav the Insei (level 6, -8/41 HPs)
             Began as an Octopode Transmuter on Apr 13, 2022.
             Mangled by Pikel
             ... wielding a +1 whip of freezing
              (10 damage)
             ... on level 4 of the Dungeon.
             The game lasted 00:06:12 (4819 turns).

zeratav the Insei (Octopode Transmuter)             Turns: 4819, Time: 00:06:12

Health: -8/41      AC:  1    Str:  9    XL:     6   Next: 29%
Magic:  8/9        EV: 14    Int: 15    God:
Gold:   115        SH:  0    Dex: 15    Spells: 8/9 levels left

rFire   . . .      SeeInvis .     - Unarmed
rCold   . . .      Faith    .   (no shield)
rNeg    . . .      Spirit   .   (helmet currently unavailable)
rPois   .          Reflect  .   p - amulet of the acrobat
rElec   .          Harm     .   (no ring)
rCorr   .          Rampage  .   (no ring)
Will    .....                   (no ring)
Stlth   +++.......              (no ring)
HPRegen 0.13/turn               (no ring)
MPRegen 0.11/turn               (no ring)
                                (no ring)
                                (no ring)

@: lethally poisoned (-8 -> -11), appendages
A: tentacle spike 3, almost no armour, amphibious, 8 rings, camouflage 1,
gelatinous body 1, (nimble swimmer 1), tentacles
a: End Transformation


You were on level 4 of the Dungeon.
One of your tentacles had grown a beastly spike.
You visited 1 branch of the dungeon, and saw 4 of its levels.
You also visited: Sewer.

You collected 115 gold pieces.


Innate Abilities, Weirdness & Mutations

One of your tentacles has grown a beastly spike.
You cannot wear most types of armour.
You are amphibious.
You can wear up to eight rings at the same time.
Your skin changes colour to match your surroundings (Stealth+).
Your rubbery body absorbs attacks. (AC +1, EV +1)
((You are camouflaged when in or above water. (Stealth+)))
You have tentacles for arms and can constrict up to eight enemies at once.


   Skills:
 + Level 2.7 Fighting
 + Level 3.3 Dodging
 + Level 3.5 Stealth
 * Level 4.9 Unarmed Combat
 - Level 2.0 Spellcasting
 - Level 2.0 Transmutations


You had 8 spell levels left.
You knew the following spells:

 Your Spells              Type           Power      Damage    Failure   Level
a - Beastly Appendage     Tmut           14%        N/A       10%         1

Your spell library contained the following spells:

 Spells                   Type           Power      Damage    Failure   Level
 Wereblood                Tmut           7%         N/A       14%         2
 Spider Form              Tmut/Pois      4%         N/A       41%         3
 Ice Form                 Ice/Tmut       4%         N/A       82%         4

Inventory:

Armour
 h - a +0 kite shield
   (You found it on level 2 of the Dungeon)
Jewellery
 p - an amulet of the acrobat (around mantle)
   (You found it on level 3 of the Dungeon)
Scrolls
 a - 2 scrolls of holy word {unknown}
 b - 2 scrolls of magic mapping {unknown}
 c - 4 scrolls of identify {unknown}
 d - 2 scrolls of brand weapon {unknown}
 i - a scroll of fog {unknown}
 k - a scroll of acquirement {unknown}
 n - a scroll of blinking {unknown}
 q - a scroll of summoning {unknown}
 r - a scroll of immolation {unknown}
Potions
 e - 2 potions of might {unknown}
 f - a potion of ambrosia {unknown}
 g - 2 potions of degeneration {unknown}
 j - 3 potions of heal wounds {unknown}
 l - 2 potions of haste {unknown}
 m - 2 potions of invisibility {unknown}
 o - a potion of flight {unknown}

Dungeon Overview and Level Annotations

Branches:
Dungeon (4/15)              Sewer (visited)
 Temple: D:4-7

Altars:
Xom

Annotations:
D:4 Pikel

.. #...##
#.#.#<#... ##
........#... .
.##.#.....## #.
.##..#.## .###
#......... ..#
####.##... #.#
...##.## #@#
#####....
#K##### #...#
#5....# #...#
######S### #...#
#........####
#...#
#.###.....5.#
#...#
#...#S##.###...#
#..##...........
#.. #.....5.....


You could see Pikel and a lemure.


Message History

Confirm with . or Enter, or press ? or * to list all spells.
One of your tentacles grows a vicious spike.
The orc hits you with a +0 mace.
HP[-2] MP[-1]
You take 2 damage, and now have 22/41 hp.
You lost 1 mp, and now have 8/9 mp.
You barely miss the orc. You grab the orc. You constrict the orc.
The orc closely misses you.
You tentacle-slap the orc.
You pierce the orc.
You kill the orc!
You tentacle-slap the orc priest. You grab the orc priest.
You constrict the orc priest.
The orc priest hits you with a +0 short sword.
* * * LOW HITPOINT WARNING * * *
HP[-5]
You take 5 damage, and now have 17/41 hp.
You tentacle-slap the orc priest.
You squeeze the orc priest, but do no damage.
Your transformation is almost over.
You constrict the orc priest.
The orc priest hits you with a +0 short sword!
* * * LOW HITPOINT WARNING * * *
HP[-7]
You take 7 damage, and now have 10/41 hp.
You bludgeon the orc priest!
You kill the orc priest!
Items here: )) ††.
Items here: )) ††.
HP[+1] MP[+1]
Your mp is fully restored (9).
Items here: )) ††.
Your tentacle spike disappears.
There is an escape hatch in the floor here.
A hobgoblin comes into view.
A hobgoblin is nearby!
There is an escape hatch in the floor here.
You start resting.
Pikel is nearby!
HP[+3]
You regained 3 hp, and now have 14/41 hp.
The lemure shouts!
You hear a shout!
HP[+1] HP[+1]
A ball python comes into view.
HP[+1]
The ball python hisses angrily.
You hear a shout!
An adder comes into view.
The adder hisses angrily.
The adder barely misses you.
HP[+1]
The adder misses you. The adder misses you.
Casting: Beastly Appendage (safe; 10% risk of failure)
Confirm with . or Enter, or press ? or * to list all spells.
One of your tentacles grows a vicious spike.
The adder closely misses you. The adder bites you.
* * * LOW HITPOINT WARNING * * *
You are poisoned.
The adder poisons you!
HP[-4] MP[-1]
You take 4 damage, and now have 14/41 hp.
You lost 1 mp, and now have 8/9 mp.
You tentacle-slap the adder but do no damage.
Your grab misses the adder.
You feel sick. The adder misses you.
HP[-1]
You take 1 damage, and now have 13/41 hp.
You tentacle-slap the adder. Your grab misses the adder.
You pierce the adder, but do no damage.
You feel sick. The adder bites you.
* * * LOW HITPOINT WARNING * * *
HP[-1]
You take 1 damage, and now have 12/41 hp.
You barely miss the adder. Your grab misses the adder.
Your squeeze misses the adder.
You feel sick. The adder bites you.
* * * LOW HITPOINT WARNING * * *
You are more poisoned.
The adder poisons you! The adder bites you.
* * * LOW HITPOINT WARNING * * *
HP[-5]
You take 5 damage, and now have 7/41 hp.
You tentacle-slap the adder.
You kill the adder!
* * * LOW HITPOINT WARNING * * *
You feel sick.
HP[-2]
You take 2 damage, and now have 5/41 hp.
You tentacle-slap the ball python.
You kill the ball python!
* * * LOW HITPOINT WARNING * * *
You feel sick.
HP[-1]
You take 1 damage, and now have 4/41 hp.
You tentacle-slap Pikel. Your grab misses Pikel.
Your tentacle spike misses Pikel.
You tentacle-slap Pikel, but do no damage.
You squeeze Pikel.
* * * LOW HITPOINT WARNING * * *
You feel sick.
Pikel hits you with a +1 whip of freezing!
You die...

Skill      XL: |  1  2  3  4  5 |
---------------+----------------+-----
Stealth        | 1 2 3 |  3.5
Unarmed Combat | 4 |  4.9
Fighting       | 2 |  2.7
Dodging        | 3 |  3.3
Spellcasting   | |  2.0
Transmutations | |  2.0

Action                   |  1- 3 |  4- 6 || total
-------------------------+-------+-------++-------
Melee: Unarmed           |    65 |   131 ||   196
       Kick              |    19 |    29 ||    48
       Constrict         |    19 |    37 ||    56
       Tentacles         |    11 |    17 ||    28
       Punch             |     2 |     5 ||     7
 Cast: Beastly Appendage |    22 |    19 ||    41
 Stab: Sleeping          |     8 |     9 ||    17
Armor: Skin              |     4 |     7 ||    11
Dodge: Dodged            |    37 |    93 ||   130

Levels and vault maps discovered:
D:1:      erik_arrival_triangle_large, layout_basic, serial_curves,
          eino_curves_02, eino_curves_04, eino_curves_01,
          hellmonk_ecumenical_altar_zigzags, st_stairs_2,
          kennysheep_pointless_box, chequers_serial_rivers_large_a,
          chequers_serial_rivers_micro_b, hangedman_decor_growths,
          chequers_decorated_corner
D:2:      layout_rooms
D:3:      layout_loops_ring, mainiacjoe_overflow_tiny_flanked,
          gup_sewer_entry_pipe
D:4:      layout_loops_cross, marbit_many_paths, uniq_pikel

Notes
Turn   | Place    | Note
-------+----------+-------------------------------------------
     0 | D:1      | zeratav the Octopode Transmuter began the quest for the
                  | Orb.
     0 | D:1      | Reached XP level 1. HP: 13/13 MP: 3/3
     0 | D:1      | magus.rc [v1.9.6]
    78 | D:1      | Found a faded altar of an unknown god.
   224 | D:1      | Reached XP level 2. HP: 18/18 MP: 3/5
   420 | D:1      | Reached skill level 1 in Stealth
  1225 | D:1      | Reached XP level 3. HP: 23/23 MP: 6/6
  2010 | D:3      | Reached skill level 2 in Stealth
  2010 | D:3      | Reached XP level 4. HP: 29/29 MP: 5/7
  2100 | D:3      | Found a glowing drain.
  2113 | D:3      | Reached skill level 4 in Unarmed Combat
  2155 | Sewer    | Entered a sewer
  2218 | Sewer    | Noticed Pargi
  2280 | Sewer    | HP: 5/29 [Pargi (4)]
  2390 | Sewer    | HP: 7/29 [constriction (1)]
  2661 | Sewer    | HP: 6/29 [Pargi (3)]
  2950 | Sewer    | Reached skill level 2 in Fighting
  3164 | D:3      | Reached XP level 5. HP: 31/34 MP: 8/8
  3274 | D:3      | Found a shimmering altar of Xom.
  4088 | D:4      | Noticed a lemure
  4089 | D:4      | Noticed a lemure
  4089 | D:4      | Noticed a lemure
  4091 | D:4      | Noticed Pikel
  4094 | D:4      | Reached skill level 3 in Dodging
  4094 | D:4      | Reached skill level 3 in Stealth
  4113 | D:3      | Killed a lemure
  4729 | D:4      | Reached XP level 6. HP: 34/41 MP: 7/9
  4749 | D:4      | HP: 10/41 [orc priest/+0 short sword (7)]
  4816 | D:4      | HP: 10/41 [adder (1)]
  4818 | D:4      | HP: 4/41 [poisoned by an adder]
  4819 | D:4      | Mangled by Pikel

Vanquished Creatures
  A lemure (D:3)
  A scorpion (D:4)
  An orc priest (D:4)
  2 orc wizards
  An iguana (D:3)
  3 adders
  A worm (D:3)
  2 dart slugs
  9 orcs
  8 ball pythons
  5 bats
  4 endoplasms
  6 giant cockroaches
  3 goblins
  8 hobgoblins
  4 jackals (D:4)
  A quokka (D:3)
  6 frilled lizards
  11 kobolds
  5 rats
82 creatures vanquished.

Table legend:
 A = Non-vault XP
 B = Vault XP
 C = Vault XP percentage of total XP
 D = Non-vault monster count
 E = Vault monster count
 F = Vault count percentage of total count
                 A         B        C        D         E       F
            +---------+---------+-------+---------+---------+-------
      Total |     384 |      23 |   5.7 |      66 |      15 |  18.5
            +---------+---------+-------+---------+---------+-------
        D:1 |      33 |       3 |   8.3 |      18 |       2 |  10.0
        D:2 |      28 |       0 |   0.0 |      11 |       0 |   0.0
        D:3 |     122 |      12 |   9.0 |      20 |       6 |  23.1
        D:4 |     201 |       0 |   0.0 |      17 |       0 |   0.0
      Sewer |       0 |       8 | 100.0 |       0 |       7 | 100.0
            +---------+---------+-------+---------+---------+-------

Illustrated notes

Table legend:
 A = Kills in this place as a percentage of kills in entire the game.
 B = Kills by you in this place as a percentage of kills by you in the entire game.
 C = Kills by friends in this place as a percentage of kills by friends in the entire game.
 D = Other kills in this place as a percentage of other kills in the entire game.
 E = Experience gained in this place as a percentage of experience gained in the entire game.
 F = Experience gained in this place divided by the number of levels of this place that you have seen.
                   A       B       C       D       E      F
               +-------+-------+-------+-------+-------+----------------------
         Total | 100.0 | 100.0 |   N/A |   N/A | 100.0 |  81.4
       Dungeon |  91.4 |  91.4 |   N/A |   N/A |  98.0 |  99.8
         Sewer |   8.6 |   8.6 |   N/A |   N/A |   2.0 |   8.0
               +-------+-------+-------+-------+-------+----------------------

Table legend: (Time is in decaauts)
 A = Elapsed time spent in this place.
 B = Non-inter-level travel time spent in this place.
 C = Inter-level travel time spent in this place.
 D = Time resting spent in this place.
 E = Time spent auto-exploring this place.
 F = Levels seen in this place.
 G = Mean time per level.
                   A        B        C        D        E       F      G
               +--------+--------+--------+--------+--------+-----+--------+
         Total |   4805 |   4640 |    165 |   1014 |   2368 |   5 |  961.0 |
       Dungeon |   3833 |   3668 |    165 |    764 |   2368 |   4 |  958.2 |
         Sewer |    971 |    971 |      0 |    250 |      0 |   1 |  971.0 |
               +--------+--------+--------+--------+--------+-----+--------+

Top non-repeatable levels by time:
     D:3: 1579 daAuts
     D:1: 1435 daAuts
   Sewer: 971 daAuts
     D:2: 563 daAuts
     D:4: 254 daAuts
